[Event "ICC tourney 2533 (25 5)"]
[Site "Internet Chess Club"]
[Date "2021.04.24"]
[Round "4"]
[White "SETTY, KRISHNA:K09-17034958"]
[Black "SHAH, ARSH:K09-17096480"]
[Result "1/2-1/2"]
[ICCResult "Game drawn by mutual agreement"]
[WhiteElo "1109"]
[BlackElo "1687"]
[Opening "Queen's pawn, Mason variation"]
[ECO "D00"]
[NIC "QP.08"]
[Time "17:05:16"]
[PlyCount "128"]
[TimeControl "1500+5"]

1. d4 d5 2. Bf4 Nf6 3. e3 Bf5 4. Nc3 e6 5. Bd3 Bg6 6. Nf3 c5 7. Qd2 Nc6 8.
Qe2 a6 9. Ne5 Be7 10. Nxg6 hxg6 11. Qd2 c4 12. Be2 Qd7 13. a3 Rc8 14. h3
Bd6 15. Bh2 Qc7 16. Bxd6 Qxd6 17. Bf3 O-O 18. O-O Rfe8 19. Rad1 Rcd8 20.
Be2 Ne7 21. Bf3 Nc6 22. Rfe1 b5 23. Ne2 e5 24. dxe5 Nxe5 25. Nd4 Nxf3+ 26.
Nxf3 Ne4 27. Qd4 Qc5 28. Qxc5 Nxc5 29. Rd2 Ne4 30. Rd4 Nf6 31. Red1 Re4 32.
Ng5 Rxd4 33. Rxd4 Kf8 34. Kf1 Ke7 35. Ke2 Rb8 36. c3 a5 37. f3 b4 38. cxb4
axb4 39. axb4 Rxb4 40. Rd2 Rb5 41. h4 Ne8 42. Nh3 Nc7 43. Nf4 Kf6 44. g4
Ke5 45. Nh3 Na6 46. Nf2 Nc5 47. f4+ Ke6 48. Kf3 Nb3 49. Rc2 Nc5 50. Rd2 Nb3
51. Rd1 Nc5 52. Rd2 Nd3 53. Nxd3 cxd3 54. Rxd3 Rxb2 55. g5 Rh2 56. Kg3 Rc2
57. Kh3 Rc5 58. Kg4 Rb5 59. Kg3 Kf5 60. Kf3 Rc5 61. Rxd5+ Rxd5 62. e4+ Ke6
63. exd5+ Kxd5 64. Ke3 Ke6 { Game drawn by mutual agreement } 1/2-1/2

[Event "ICC tourney 2533 (25 5)"]
[Site "Internet Chess Club"]
[Date "2021.04.24"]
[Round "4"]
[White "LEE, JAYDEN:K09-15757981"]
[Black "SCHOENBAUER, JAKE:K09-16875594"]
[Result "1-0"]
[ICCResult "Black forfeits on time"]
[WhiteElo "2106"]
[BlackElo "1299"]
[Opening "Four knights: Ranken variation"]
[ECO "C48"]
[NIC "KP.03"]
[Time "17:05:47"]
[PlyCount "137"]
[TimeControl "1500+5"]

1. e4 e5 2. Nf3 Nc6 3. Nc3 Nf6 4. Bb5 a6 5. Bxc6 dxc6 6. Nxe5 Qd4 7. Nf3
Qb6 8. O-O Be6 9. d4 O-O-O 10. Bg5 Qxb2 11. Qd3 Qb4 12. Rab1 Qc4 13. Qxc4
Bxc4 14. Rfe1 Be7 15. e5 Nd5 16. Nxd5 Bxg5 17. Ne3 Bxe3 18. Rxe3 Bxa2 19.
Rc1 Rhe8 20. c4 b5 21. cxb5 cxb5 22. Ra3 Bc4 23. Rxa6 Kb7 24. Raa1 Ra8 25.
Rab1 Kc8 26. d5 Bxd5 27. Rxb5 Bxf3 28. gxf3 Rb8 29. Rbc5 Re7 30. Rd1 Rd7
31. Re1 Rb3 32. Kg2 Rdd3 33. Rec1 Rxf3 34. Rxc7+ Kd8 35. Ra7 Rfc3 36. Rxc3
Rxc3 37. Rxf7 Rc5 38. f4 g5 39. Kg3 h6 40. Kg4 Rc4 41. h4 gxf4 42. Rxf4 Rc7
43. e6 Rc6 44. Kf5 Ke7 45. Re4 Rc5+ 46. Re5 Rc6 47. Ra5 Rc7 48. h5 Rb7 49.
Ra6 Rb5+ 50. Kg6 Rg5+ 51. Kxh6 Rg2 52. Kh7 Rg1 53. h6 Rg2 54. Kh8 Rg1 55.
Kh7 Rg2 56. Ra8 Kxe6 57. Rf8 Rg1 58. Rg8 Rf1 59. Kg7 Rg1+ 60. Kf8 Rf1+ 61.
Kg7 Rg1+ 62. Kf8 Rf1+ 63. Ke8 Ra1 64. Rg6+ Kf5 65. Rd6 Re1+ 66. Kf7 Rh1 67.
Rd5+ Ke4 68. Rd6 Kf5 69. Rg6 { Black forfeits on time } 1-0

[Event "ICC tourney 2533 (25 5)"]
[Site "Internet Chess Club"]
[Date "2021.04.24"]
[Round "4"]
[White "WU, WILLIAM:K09-15782241"]
[Black "HUSTON, GUS:K09-14921551"]
[Result "0-1"]
[ICCResult "White forfeits on time"]
[WhiteElo "1854"]
[BlackElo "2243"]
[Opening "Giuoco Pianissimo"]
[ECO "C55"]
[NIC "IG.01"]
[Time "17:04:19"]
[PlyCount "90"]
[TimeControl "1500+5"]

1. e4 e5 2. Nf3 Nc6 3. Bc4 Nf6 4. d3 Bc5 5. c3 d6 6. a4 a5 7. O-O h6 8. Re1
O-O 9. Nbd2 Be6 10. Bxe6 fxe6 11. Nc4 Ba7 12. Be3 Qe8 13. Qb3 Bxe3 14. fxe3
b6 15. Ncd2 Kh8 16. d4 exd4 17. exd4 e5 18. Qb5 Nh5 19. d5 Ne7 20. Qxe8
Rfxe8 21. g3 Reb8 22. b4 b5 23. axb5 axb4 24. c4 Nf6 25. Reb1 Ra3 26. Rxa3
bxa3 27. Ra1 Ra8 28. Ra2 Ra4 29. Kf2 Nc8 30. Ke3 Nb6 31. Kd3 Ng4 32. Kc3
Ne3 33. Kb3 Nexc4 34. Rc2 Nxd2+ 35. Nxd2 Rd4 36. Ra2 Kh7 37. Kc3 Kg6 38.
Kb3 Kh5 39. Kc3 Kg4 40. Kb3 Kh3 41. Kc3 Na4+ 42. Kc2 Nc5 43. Rxa3 Nxe4 44.
Nxe4 Rxe4 45. Rc3 Rb4 { White forfeits on time } 0-1

[Event "ICC tourney 2533 (25 5)"]
[Site "Internet Chess Club"]
[Date "2021.04.24"]
[Round "4"]
[White "GU LIN, BENJAMIN:K09-15976160"]
[Black "DELGADO, RAPHAEL:K09-15177176"]
[Result "0-1"]
[ICCResult "White checkmated"]
[WhiteElo "1496"]
[BlackElo "913"]
[Opening "Sicilian defense"]
[ECO "B33"]
[NIC "SI.34"]
[Time "17:05:17"]
[PlyCount "120"]
[TimeControl "1500+5"]

1. e4 c5 2. Nf3 Nc6 3. d4 cxd4 4. Nxd4 Nf6 5. Nc3 a6 6. Be3 e6 7. a3 d5 8.
exd5 exd5 9. Be2 Bd6 10. O-O O-O 11. Bf3 Re8 12. Qd2 Ne5 13. b3 b5 14. Rfe1
Nxf3+ 15. Nxf3 Bb7 16. Rad1 Bxa3 17. Bg5 Rxe1+ 18. Nxe1 Bb4 19. Qd4 Be7 20.
Nf3 Rc8 21. Qd3 Qc7 22. Bxf6 Bxf6 23. Nxd5 Bxd5 24. Qxd5 Qxc2 25. Ne5 Qc7
26. Ng4 Qe7 27. h3 h6 28. Qd6 Qxd6 29. Rxd6 Rc1+ 30. Kh2 Bc3 31. Rxa6 Rb1
32. Ra8+ Kh7 33. Ra7 f6 34. Ra3 b4 35. Ra7 Rxb3 36. Rb7 Rb2 37. f3 h5 38.
Ne3 Be5+ 39. Kg1 Bd4 40. Kf1 Bxe3 41. g4 hxg4 42. fxg4 b3 43. Ke1 Rb1+ 44.
Ke2 Bd4 45. Kd3 Be5 46. h4 b2 47. Kc2 Rc1+ 48. Kd2 b1=Q 49. Rxb1 Rxb1 50.
Ke3 Rh1 51. h5 g6 52. Ke4 gxh5 53. Kf5 hxg4 54. Kxg4 Kg6 55. Kf3 Rh4 56.
Kg2 Bg3 57. Kg1 Kg5 58. Kg2 Kg4 59. Kg1 Kf3 60. Kf1 Rh1# { White checkmated
} 0-1

[Event "ICC tourney 2533 (25 5)"]
[Site "Internet Chess Club"]
[Date "2021.04.24"]
[Round "4"]
[White "LI, AUSTIN:K09-16606238"]
[Black "REISS, AIDEN:K09-16581243"]
[Result "0-1"]
[ICCResult "White checkmated"]
[WhiteElo "1204"]
[BlackElo "1853"]
[Opening "Sicilian: Najdorf, Byrne (English) attack"]
[ECO "B90"]
[NIC "SI.14"]
[Time "17:03:41"]
[PlyCount "110"]
[TimeControl "1500+5"]

1. e4 c5 2. Nf3 d6 3. d4 cxd4 4. Nxd4 Nf6 5. Nc3 a6 6. Be3 e5 7. Nf3 Be7 8.
Qd2 O-O 9. O-O-O Be6 10. h3 b5 11. a3 Nbd7 12. Ng5 Bc4 13. Bxc4 bxc4 14. f4
Rb8 15. Nf3 exf4 16. Bxf4 Qb6 17. Na4 Qc6 18. Nc3 Qb7 19. Qe2 Nc5 20. Qxc4
Qxb2+ 21. Kd2 Qb7 22. Rhe1 Rbc8 23. Qb4 Qc6 24. Nd5 Ncxe4+ 25. Rxe4 Qxc2+
26. Ke3 Nxd5+ 27. Rxd5 Rc3+ 28. Qxc3 Qxc3+ 29. Rd3 Qc5+ 30. Ke2 Qc2+ 31.
Nd2 Qc7 32. Nc4 f5 33. Red4 Bf6 34. Bxd6 Re8+ 35. Ne3 Qc2+ 36. Kf3 Rxe3+
37. Kxe3 Bxd4+ 38. Kxd4 Qxg2 39. Bb4 f4 40. Kc5 f3 41. Be1 Qc2+ 42. Rc3
Qxc3+ 43. Bxc3 f2 44. Kb6 f1=Q 45. Bb4 Qb5+ 46. Kc7 g5 47. Be7 h5 48. Kd6
g4 49. hxg4 hxg4 50. Ke6 g3 51. Kd6 g2 52. a4 Qxa4 53. Kc7 g1=Q 54. Bd6
Qa7+ 55. Kd8 Q4d7# { White checkmated } 0-1

[Event "ICC tourney 2533 (25 5)"]
[Site "Internet Chess Club"]
[Date "2021.04.24"]
[Round "4"]
[White "NASTA, KIREN:K09-15255524"]
[Black "PAN, KEVIN:K09-14740822"]
[Result "0-1"]
[ICCResult "White resigns"]
[WhiteElo "1901"]
[BlackElo "2260"]
[Opening "Ruy Lopez: Anderssen variation"]
[ECO "C77"]
[NIC "RL.12"]
[Time "17:04:56"]
[PlyCount "78"]
[TimeControl "1500+5"]

1. e4 e5 2. Nf3 Nc6 3. Bb5 a6 4. Ba4 Nf6 5. d3 b5 6. Bb3 Bc5 7. c3 d6 8.
O-O Bb7 9. Re1 h6 10. h3 O-O 11. Nbd2 Ba7 12. Nf1 Ne7 13. Ng3 Ng6 14. Nf5
c5 15. Bc2 Re8 16. Nh2 d5 17. Qf3 c4 18. Ng4 Nxg4 19. hxg4 d4 20. dxc4 bxc4
21. Ba4 Rf8 22. Bxh6 gxh6 23. Nxh6+ Kh7 24. Nf5 Qg5 25. Qh3+ Kg8 26. Nh6+
Kg7 27. Nf5+ Kg8 28. Nh6+ Kg7 29. Nf5+ Kf6 30. cxd4 Bxd4 31. Qh7 Rg8 32.
Nd6 Rg7 33. Qh3 Nf4 34. Qf3 Qxg4 35. Ne8+ Rxe8 36. Qxg4 Rxg4 37. Bxe8 Rxg2+
38. Kh1 Bxf2 39. Rf1 Bxe4 { White resigns } 0-1

[Event "ICC tourney 2533 (25 5)"]
[Site "Internet Chess Club"]
[Date "2021.04.24"]
[Round "4"]
[White "KUMARAVEL, JAIKIRAN:K09-15581132"]
[Black "WILSON, RONEN:K09-15349011"]
[Result "0-1"]
[ICCResult "White checkmated"]
[WhiteElo "1488"]
[BlackElo "2079"]
[Opening "Sicilian: Alapin's variation (2.c3)"]
[ECO "B22"]
[NIC "SI.46"]
[Time "17:03:44"]
[PlyCount "140"]
[TimeControl "1500+5"]

1. e4 c5 2. c3 d5 3. exd5 Qxd5 4. d4 Nc6 5. Nf3 Bg4 6. Be2 cxd4 7. cxd4 e6
8. Nc3 Qa5 9. O-O Nf6 10. Be3 a6 11. Qb3 Qb4 12. Qxb4 Bxb4 13. a3 Bd6 14.
Rad1 Rd8 15. d5 exd5 16. Nxd5 Nxd5 17. Rxd5 Bxh2+ 18. Nxh2 Bxe2 19. Rxd8+
Kxd8 20. Re1 Bc4 21. Bb6+ Kd7 22. Nf3 Re8 23. Rxe8 Kxe8 24. Nd2 Bd5 25. Kf1
Kd7 26. f3 f6 27. Ke2 Ne5 28. Ke3 Ke6 29. Kd4 g5 30. Ne4 Bxe4 31. Kxe4 f5+
32. Kd4 h5 33. Bc7 Nc6+ 34. Kc5 Kd7 35. Kb6 Kc8 36. b4 Nb8 37. Bd6 Nd7+ 38.
Ka5 g4 39. Bf4 h4 40. Ka4 h3 41. gxh3 gxf3 42. Bg3 Nf6 43. h4 Kd7 44. Ka5
Kc6 45. a4 Ne4 46. h5 b5 47. h6 Nf6 48. axb5+ axb5 49. Bf2 Nh7 50. Ka6 f4
51. Ka7 Kd5 52. Kb6 Kc4 53. Ka5 Nf6 54. Bh4 Nh7 55. Bf2 Ng5 56. Bh4 Nf7 57.
h7 Nh8 58. Bf6 f2 59. Bxh8 f1=Q 60. Bf6 Qg1 61. Ka6 Qh1 62. h8=Q Qxh8 63.
Bxh8 f3 64. Bd4 Kxd4 65. Kxb5 f2 66. Ka5 f1=Q 67. b5 Kc5 68. Ka6 Qxb5+ 69.
Ka7 Kc6 70. Ka8 Qb7# { White checkmated } 0-1

[Event "ICC tourney 2533 (25 5)"]
[Site "Internet Chess Club"]
[Date "2021.04.24"]
[Round "4"]
[White "JAKOB RAZA REMPE, JONAS:K09-15043490"]
[Black "ADHARSH KUMAR, PRANAV:K09-17185926"]
[Result "1-0"]
[ICCResult "Black checkmated"]
[WhiteElo "1955"]
[BlackElo "411"]
[Opening "Petrov: Nimzovich attack"]
[ECO "C42"]
[NIC "RG.03"]
[Time "17:04:18"]
[PlyCount "153"]
[TimeControl "1500+5"]

1. e4 e5 2. Nf3 Nf6 3. Nxe5 d6 4. Nf3 Nxe4 5. Nc3 Nxc3 6. dxc3 Nc6 7. Bf4
Be7 8. Bd3 O-O 9. Qd2 Bh4 10. O-O-O Bg4 11. Be4 Re8 12. Qd3 h6 13. h3 Bxf3
14. Qxf3 Bg5 15. Kb1 Bxf4 16. Qxf4 Qg5 17. Qxg5 hxg5 18. Bxc6 bxc6 19. Rhe1
f5 20. Kc1 Rxe1 21. Rxe1 Kf7 22. Kd2 a5 23. a4 c5 24. Kd3 c6 25. Kc4 Rb8
26. Rb1 Ra8 27. Kb3 Ke6 28. Ka3 d5 29. b4 axb4+ 30. cxb4 d4 31. bxc5 Kd5
32. Rb7 Kc4 33. Rxg7 Kc3 34. Rd7 Rb8 35. g3 f4 36. gxf4 gxf4 37. h4 f3 38.
h5 Rb1 39. Ka2 Rb2+ 40. Ka3 Rxc2 41. a5 Rxf2 42. h6 Rh2 43. h7 f2 44. Rf7
d3 45. a6 d2 46. h8=Q+ Rxh8 47. Rf3+ Kc2 48. Rxf2 Rh3+ 49. Kb4 Rh4+ 50. Ka5
Kc1 51. Rf1+ Kc2 52. Kb6 Rh6 53. a7 d1=Q 54. Rxd1 Kxd1 55. a8=Q Rh3 56.
Qxc6 Rb3+ 57. Kc7 Rb4 58. Qd6+ Ke2 59. c6 Rc4 60. Qe6+ Kd3 61. Qxc4+ Kxc4
62. Kd7 Kb5 63. c7 Kc4 64. c8=Q+ Kd4 65. Qc6 Kd3 66. Qc5 Ke2 67. Qd4 Kf3
68. Qe5 Kf2 69. Qe4 Kf1 70. Qe3 Kg2 71. Qf4 Kh1 72. Qg4 Kh2 73. Kd6 Kh1 74.
Ke5 Kh2 75. Ke4 Kh1 76. Kf3 Kh2 77. Qg2# { Black checkmated } 1-0

[Event "ICC tourney 2533 (25 5)"]
[Site "Internet Chess Club"]
[Date "2021.04.24"]
[Round "4"]
[White "WISNIOWSKI, NATALIE:K09-15702390"]
[Black "BIAN, ERIN:K09-16926853"]
[Result "1-0"]
[ICCResult "Black forfeits on time"]
[WhiteElo "2006"]
[BlackElo "1765"]
[Opening "Catalan: open, classical line"]
[ECO "E05"]
[NIC "CA.05"]
[Time "17:04:05"]
[PlyCount "91"]
[TimeControl "1500+5"]

1. d4 Nf6 2. c4 e6 3. g3 d5 4. Bg2 Be7 5. Nf3 dxc4 6. O-O O-O 7. Qc2 a6 8.
a4 Nbd7 9. Rd1 c6 10. Qxc4 Qc7 11. Nc3 c5 12. Bf4 Bd6 13. Bxd6 Qxd6 14.
Rac1 Rb8 15. e4 cxd4 16. Nxd4 Qb6 17. Qe2 Qa5 18. Nb3 Qb6 19. Qc2 Nc5 20.
Nd2 Rd8 21. Nc4 Qc7 22. e5 Nfd7 23. b4 Nxa4 24. Nxa4 b5 25. Na5 Qxc2 26.
Rxc2 Re8 27. Nc6 bxa4 28. Nxb8 Nxb8 29. Bc6 Nxc6 30. Rxc6 Bb7 31. Rb6 Bd5
32. Rxa6 g6 33. Rc1 Rb8 34. Rxa4 Bb3 35. Ra3 Bd5 36. Rb1 Kf8 37. b5 Ke8 38.
b6 Bb7 39. Rc3 Be4 40. Re1 Bd5 41. Rb1 Be4 42. Rb4 Bd5 43. Rc1 Kd8 44. Rcb1
Rb7 45. Ra4 Rb8 46. Ra7 { Black forfeits on time } 1-0

[Event "ICC tourney 2533 (25 5)"]
[Site "Internet Chess Club"]
[Date "2021.04.24"]
[Round "4"]
[White "BERGMAN CHUDNOW, BRYAN:K09-15424930"]
[Black "KAPLAN, AVI:K09-15263943"]
[Result "1-0"]
[ICCResult "Black checkmated"]
[WhiteElo "1759"]
[BlackElo "2116"]
[Opening "Queen's pawn game"]
[ECO "A46"]
[NIC "QP.06"]
[Time "17:03:43"]
[PlyCount "145"]
[TimeControl "1500+5"]

1. d4 Nf6 2. Nf3 e6 3. g3 c5 4. Bg2 Nc6 5. O-O d5 6. c4 Bd7 7. cxd5 exd5 8.
Nc3 Be6 9. Bg5 cxd4 10. Nxd4 Be7 11. Qa4 Qd7 12. Rfd1 O-O 13. e4 dxe4 14.
Nf5 Qe8 15. Nxe7+ Nxe7 16. Qxe8 Rfxe8 17. Bxf6 gxf6 18. Nxe4 Kg7 19. Nd6
Red8 20. b3 Rd7 21. Nxb7 Rc8 22. Rxd7 Bxd7 23. Nd6 Rc2 24. Be4 Rd2 25. Nc4
Re2 26. Bd3 Re6 27. Rd1 Bc6 28. Ne3 Bf3 29. Rc1 Rd6 30. Rc3 a5 31. Kf1 Re6
32. Be2 Be4 33. Rc4 f5 34. Ra4 Nc6 35. Nc4 Nd4 36. Rxa5 Rh6 37. h4 f4 38.
Nd2 Bc6 39. Bd3 fxg3 40. fxg3 Rf6+ 41. Ke1 h6 42. Rc5 Re6+ 43. Kf2 Bb7 44.
b4 Rf6+ 45. Ke3 Ne6 46. Rc1 Nf8 47. a4 Re6+ 48. Kd4 Rd6+ 49. Kc3 Ne6 50.
Nc4 Rd7 51. b5 Nc5 52. Bc2 Kf6 53. Kb4 Ne6 54. a5 Nc7 55. Rd1 Nd5+ 56. Kb3
Rc7 57. a6 Ba8 58. b6 Re7 59. Rf1+ Kg7 60. Ka4 Re2 61. b7 Bxb7 62. axb7
Rxc2 63. b8=Q Rxc4+ 64. Kb3 Rc3+ 65. Kb2 Rc6 66. Qe5+ Nf6 67. g4 Rb6+ 68.
Ka3 Re6 69. Qd4 Kg6 70. h5+ Kg7 71. Rxf6 Re7 72. Rg6+ Kh7 73. Qg7# { Black
checkmated } 1-0

[Event "ICC tourney 2533 (25 5)"]
[Site "Internet Chess Club"]
[Date "2021.04.24"]
[Round "4"]
[White "SREEJAN BAYYARAPU, MOHIT:K09-15582120"]
[Black "SARVASYA, VIKAS:K09-15488033"]
[Result "1/2-1/2"]
[ICCResult "Game drawn by repetition"]
[WhiteElo "1742"]
[BlackElo "1187"]
[Opening "Sicilian: Najdorf, Byrne (English) attack"]
[ECO "B90"]
[NIC "SI.14"]
[Time "17:03:27"]
[PlyCount "163"]
[TimeControl "1500+5"]

1. e4 c5 2. Nf3 d6 3. d4 cxd4 4. Nxd4 Nf6 5. Nc3 a6 6. Be3 e6 7. Bc4 Nc6 8.
Bb3 g6 9. O-O Bg7 10. Kh1 O-O 11. f4 Nxd4 12. Bxd4 Re8 13. Bg1 b5 14. Qd2
b4 15. Na4 Nxe4 16. Qxb4 d5 17. Rad1 Qe7 18. Qxe7 Rxe7 19. c3 Bd7 20. Nb6
Rb8 21. Nxd7 Rxd7 22. Rfe1 Rdb7 23. g4 f5 24. gxf5 gxf5 25. Bd4 Bxd4 26.
Rxd4 Kf7 27. Rg1 Nc5 28. Rd2 Nxb3 29. axb3 Rxb3 30. Rgg2 a5 31. Rc2 a4 32.
Rgf2 a3 33. bxa3 Rxa3 34. Rf3 Rc8 35. Rd3 Rc4 36. Rf3 Kf6 37. Kg2 d4 38.
Rh3 Rcxc3 39. Rcxc3 dxc3 40. Rxh7 Ra2+ 41. Kg3 c2 42. Rc7 e5 43. Rc6+ Ke7
44. fxe5 Kd7 45. Rc5 Ke6 46. h4 Ra3+ 47. Kg2 Ra2 48. Kg3 Ra3+ 49. Kf4 Ra4+
50. Kg3 Ra3+ 51. Kg2 Ra2 52. Kg3 Ra3+ 53. Kg2 Ra2 54. Kg3 Ra3+ 55. Kg2 Ra2
56. Kf3 Ra3+ 57. Kf4 Ra4+ 58. Kg3 Ra3+ 59. Kg2 Ra2 60. Kg3 Ra3+ 61. Kg2 Ra2
62. Kg3 Ra3+ 63. Kg2 Ra2 64. Kg3 Ra3+ 65. Kg2 Ra2 66. Kg3 Ra3+ 67. Kg2 Ra2
68. Kg3 Ra3+ 69. Kg2 Ra2 70. Kg3 Ra3+ 71. Kg2 Ra2 72. Kf3 Ra3+ 73. Kg2 Ra2
74. Kg3 Ra3+ 75. Kg2 Ra2 76. Kg3 Ra3+ 77. Kg2 Ra2 78. Kg3 Ra3+ 79. Kg2 Ra2
80. Kg3 Ra3+ 81. Kg2 Ra2 82. Kg3 { Game drawn by repetition } 1/2-1/2

[Event "ICC tourney 2533 (25 5)"]
[Site "Internet Chess Club"]
[Date "2021.04.24"]
[Round "4"]
[White "KRISHNAN, SAATVIK:K09-15210955"]
[Black "LU, JASON:K09-15264313"]
[Result "0-1"]
[ICCResult "White checkmated"]
[WhiteElo "1797"]
[BlackElo "2203"]
[Opening "King's Indian: fianchetto, Yugoslav system"]
[ECO "E64"]
[NIC "KI.68"]
[Time "17:03:48"]
[PlyCount "122"]
[TimeControl "1500+5"]

1. c4 Nf6 2. Nc3 g6 3. g3 Bg7 4. Bg2 O-O 5. Nf3 d6 6. d4 c5 7. dxc5 dxc5 8.
O-O Nc6 9. Bf4 Nh5 10. Bg5 Be6 11. Nd5 Nf6 12. Ne1 Rc8 13. e4 b6 14. Nd3 h6
15. Bd2 Nd4 16. N3f4 Bd7 17. Bc3 e6 18. Ne3 Bc6 19. e5 Nd7 20. Bxc6 Nxc6
21. Nd3 Ndxe5 22. Nxe5 Nxe5 23. f4 Nc6 24. Qg4 h5 25. Qh3 Qd3 26. Rfe1 Nd4
27. Qg2 Nf5 28. Rad1 Qxe3+ 29. Rxe3 Nxe3 30. Qe2 Nxd1 31. Qxd1 Rcd8 32. Qa4
Bxc3 33. bxc3 Rd2 34. Qxa7 Rfd8 35. Qc7 Ra8 36. Qxb6 Raxa2 37. Qb8+ Kh7 38.
Qb1 Rg2+ 39. Kf1 Raf2+ 40. Ke1 Rg1+ 41. Kxf2 Rxb1 42. Ke3 Rd1 43. Ke4 Kg7
44. Ke5 Rd3 45. g4 hxg4 46. h4 gxh3 47. f5 Re3+ 48. Kf4 Re4+ 49. Kg5 Rg4+
50. Kxg4 h2 51. f6+ Kxf6 52. Kf4 h1=Q 53. Kg4 Qh5+ 54. Kf4 Qe5+ 55. Kg4
Qf5+ 56. Kh4 Ke5 57. Kg3 Qf4+ 58. Kg2 Ke4 59. Kh1 Qg4 60. Kh2 Kf3 61. Kh1
Qg2# { White checkmated } 0-1

[Event "ICC tourney 2533 (25 5)"]
[Site "Internet Chess Club"]
[Date "2021.04.24"]
[Round "4"]
[White "MUTHUKUMAR, HAARI:K09-17128308"]
[Black "GAW, CHLOE:K09-16608942"]
[Result "1-0"]
[ICCResult "Black forfeits on time"]
[WhiteElo "1152"]
[BlackElo "1719"]
[Opening "Sicilian"]
[ECO "B56"]
[NIC "SI.25"]
[Time "17:05:55"]
[PlyCount "93"]
[TimeControl "1500+5"]

1. e4 c5 2. Nf3 d6 3. d4 cxd4 4. Nxd4 Nf6 5. Nc3 Nc6 6. f3 e5 7. Nb3 Be7 8.
Be3 Be6 9. Qd2 O-O 10. O-O-O a6 11. g4 b5 12. h4 Rc8 13. Kb1 Nd7 14. Nd5
Bxd5 15. exd5 Ncb8 16. Qf2 Nc5 17. Nxc5 dxc5 18. g5 Qd6 19. f4 f6 20. Bh3
Rc7 21. gxf6 Bxf6 22. Rhf1 h6 23. Be6+ Kh8 24. Qg3 e4 25. Qg6 Bd8 26. Qxe4
Nd7 27. f5 Nf6 28. Qg2 Qb6 29. Rg1 Qb7 30. Bf4 Rcf7 31. Bxf7 Rxf7 32. d6
Qxg2 33. Rxg2 Nd7 34. Bg3 Rxf5 35. Rf2 Rxf2 36. Bxf2 Kg8 37. c4 bxc4 38.
Kc2 Kf7 39. Kc3 Bf6+ 40. Kxc4 Bxb2 41. Bxc5 Bf6 42. Kd5 Bxh4 43. Bd4 g6 44.
Kc6 Ke8 45. Rd2 Kd8 46. Rb2 h5 47. Rb7 { Black forfeits on time } 1-0

[Event "ICC tourney 2533 (25 5)"]
[Site "Internet Chess Club"]
[Date "2021.04.24"]
[Round "4"]
[White "GANTI AGRAWAL, SIDDHARTH:K09-15429648"]
[Black "RAJIV MUNDAYAT, ABINAV:K09-15264747"]
[Result "0-1"]
[ICCResult "White checkmated"]
[WhiteElo "1748"]
[BlackElo "2090"]
[Opening "Queen's pawn game"]
[ECO "E06"]
[NIC "CA.05"]
[Time "17:06:37"]
[PlyCount "114"]
[TimeControl "1500+5"]

1. d4 Nf6 2. Nf3 e6 3. g3 d5 4. Bg2 Be7 5. O-O O-O 6. c4 dxc4 7. Qa4 a6 8.
Qxc4 b5 9. Qc2 Bb7 10. Nc3 Nbd7 11. Rd1 Rc8 12. Bf4 c5 13. dxc5 Bxc5 14.
Qd2 b4 15. Na4 Bxf2+ 16. Kf1 Qa5 17. b3 Rfd8 18. Qb2 Ba7 19. Rac1 Nd5 20.
Bg5 N7f6 21. Rxc8 Bxc8 22. Rd3 h6 23. Bc1 Bd7 24. Ne5 Bb5 25. Nc4 Bxc4 26.
bxc4 Qxa4 27. cxd5 Nxd5 28. e4 Qb5 29. Qe2 Qc5 30. Ke1 Qxc1+ 31. Qd1 Qc5
32. Rf3 Qg1+ 33. Bf1 Qxh2 34. exd5 Rxd5 35. Qc1 Bc5 36. Qf4 Qh5 37. Qb8+
Bf8 38. Qf4 Qe5+ 39. Qxe5 Rxe5+ 40. Kf2 Ra5 41. Bc4 Rc5 42. Bb3 a5 43. Rd3
Kh7 44. Rd7 Kg6 45. Ra7 Bd6 46. Rd7 Be5 47. Rd2 Rc3 48. g4 Bf4 49. Rd4 Be3+
50. Kg2 Bxd4 51. g5 Kxg5 52. a3 Rxb3 53. a4 Ra3 54. Kh2 b3 55. Kg2 b2 56.
Kh2 b1=Q 57. Kg2 Qg1# { White checkmated } 0-1

[Event "ICC tourney 2533 (25 5)"]
[Site "Internet Chess Club"]
[Date "2021.04.24"]
[Round "4"]
[White "SILVA, JAVIER:K09-16089208"]
[Black "AWAD, RANIA:K09-16554882"]
[Result "1-0"]
[ICCResult "Black checkmated"]
[WhiteElo "1889"]
[BlackElo "1442"]
[Opening "Caro-Kann: Tartakower (Nimzovich) variation"]
[ECO "B15"]
[NIC "CK.06"]
[Time "17:04:19"]
[PlyCount "133"]
[TimeControl "1500+5"]

1. e4 c6 2. d4 d5 3. Nd2 dxe4 4. Nxe4 Nf6 5. Nxf6+ exf6 6. c3 Bd6 7. Nf3
Bg4 8. Qe2+ Be7 9. Qd1 O-O 10. Be2 Nd7 11. Be3 Re8 12. O-O Bd6 13. h3 Bh5
14. Re1 Bg3 15. Qd2 Bc7 16. Bf4 Qb8 17. Bxc7 Qxc7 18. Nh2 Bxe2 19. Rxe2 Re6
20. Rae1 Rae8 21. Ng4 Nb6 22. Ne3 Qe7 23. Kf1 g6 24. Nd1 Kg7 25. b3 Nd5 26.
c4 Nb6 27. Nc3 Qc7 28. Kg1 Rxe2 29. Rxe2 Rxe2 30. Qxe2 h5 31. Qe4 f5 32.
Qe3 Qd8 33. Ne2 Nd7 34. Nf4 Nf6 35. Qe5 Qe8 36. Qxe8 Nxe8 37. f3 Nf6 38.
Kf2 Kf8 39. Ke3 Ke7 40. d5 cxd5 41. Nxd5+ Nxd5+ 42. cxd5 Kd7 43. Kd4 Kd6
44. Kc4 g5 45. Kd4 g4 46. h4 a6 47. f4 f6 48. g3 b6 49. Kc4 b5+ 50. Kd4 b4
51. Kc4 a5 52. Kd4 Kd7 53. Kc5 Kc7 54. d6+ Kd7 55. Kd5 Kd8 56. Ke6 Ke8 57.
Kxf6 Kd7 58. Ke5 Kd8 59. Kxf5 Kd7 60. Ke5 Kd8 61. Ke6 Ke8 62. d7+ Kd8 63.
Kd6 a4 64. f5 axb3 65. f6 bxa2 66. f7 a1=Q 67. f8=Q# { Black checkmated }
1-0

[Event "ICC tourney 2533 (25 5)"]
[Site "Internet Chess Club"]
[Date "2021.04.24"]
[Round "4"]
[White "WU, ANDREW:K09-16967853"]
[Black "SLOAN, JED:K09-15515631"]
[Result "1/2-1/2"]
[ICCResult "Game drawn because neither player has mating material"]
[WhiteElo "1532"]
[BlackElo "1983"]
[Opening "Sicilian defense"]
[ECO "B40"]
[NIC "SI.43"]
[Time "17:04:19"]
[PlyCount "120"]
[TimeControl "1500+5"]

1. e4 c5 2. Nf3 e6 3. c3 Nf6 4. e5 Nd5 5. d4 cxd4 6. cxd4 d6 7. Nc3 Nc6 8.
Bc4 Nb6 9. Bb3 dxe5 10. dxe5 Qxd1+ 11. Nxd1 Nd7 12. Bf4 Nc5 13. O-O Nxb3
14. axb3 b6 15. Nc3 a6 16. Nb5 Rb8 17. Nc7+ Kd8 18. Nxa6 Ra8 19. Rfd1+ Ke7
20. Nb4 Bb7 21. Rxa8 Bxa8 22. Ra1 Na5 23. Be3 Bxf3 24. gxf3 Kd7 25. Bxb6
Bxb4 26. Bxa5 Bxa5 27. Rxa5 Rb8 28. Ra7+ Ke8 29. Ra3 Rb5 30. f4 Rb4 31. Kg2
Rxf4 32. Kg3 Rb4 33. f4 Ke7 34. Kf3 Rb7 35. Ke3 Kd7 36. Kd3 Rb4 37. Ke3 Rb7
38. Kd2 Rb4 39. Ke3 Kc6 40. Kf3 Kd7 41. Kg4 Rb7 42. h3 Kc6 43. Ra6+ Kd5 44.
Ra3 Ke4 45. h4 Kd3 46. Ra6 Rxb3 47. Ra3 Kc4 48. Rxb3 Kxb3 49. h5 Kxb2 50.
h6 gxh6 51. Kh5 Kc3 52. Kxh6 Kd4 53. Kg7 h5 54. Kxf7 h4 55. f5 h3 56. fxe6
h2 57. e7 h1=Q 58. e8=Q Qh5+ 59. Kf8 Qxe8+ 60. Kxe8 Kxe5 { Game drawn
because neither player has mating material } 1/2-1/2

[Event "ICC tourney 2533 (25 5)"]
[Site "Internet Chess Club"]
[Date "2021.04.24"]
[Round "4"]
[White "A BADAMI, KAAMIL:K09-17077227"]
[Black "OVINDEE WADUTHANTHREE, THIHANSA:K09-16126955"]
[Result "0-1"]
[ICCResult "White checkmated"]
[WhiteElo "674"]
[BlackElo "1136"]
[Opening "French: exchange variation"]
[ECO "C01"]
[NIC "FR.01"]
[Time "17:05:17"]
[PlyCount "140"]
[TimeControl "1500+5"]

1. e4 e6 2. d4 d5 3. exd5 exd5 4. Nf3 Nf6 5. h3 Be7 6. Bd3 O-O 7. O-O c6 8.
Nc3 Re8 9. Re1 Nbd7 10. Bf4 Nf8 11. Re2 Bd7 12. Qd2 Bb4 13. a3 Rxe2 14.
Qxe2 Ba5 15. Bg5 Ne6 16. Bh4 Nf4 17. Qe5 Nxd3 18. cxd3 h6 19. Bxf6 Qxf6 20.
Qxf6 gxf6 21. b4 Bc7 22. Re1 Re8 23. Rxe8+ Bxe8 24. Nh4 Bd7 25. b5 Bb6 26.
bxc6 bxc6 27. Ne2 Kf8 28. g4 c5 29. dxc5 Bxc5 30. a4 Kg7 31. Nc3 d4 32. Ne4
Bb4 33. Nf3 Bc3 34. Kf1 Bxa4 35. Ke2 a5 36. Ned2 Bc2 37. Ne1 Ba4 38. Nc4
Bb5 39. Ng2 Bxc4 40. dxc4 a4 41. c5 a3 42. c6 Ba5 43. Ne1 Bxe1 44. c7 a2
45. c8=Q a1=Q 46. Qc4 Qc3 47. Qxc3 Bxc3 48. Kd3 Kg6 49. f3 Kg5 50. h4+ Kxh4
51. Kc2 Kg3 52. f4 Kxf4 53. g5 Kxg5 54. Kd3 h5 55. Ke2 h4 56. Kf2 h3 57.
Kg1 d3 58. Kf1 h2 59. Kg2 d2 60. Kxh2 d1=Q 61. Kg3 Qd4 62. Kf3 Ba5 63. Kg3
Bd8 64. Kf3 Kf5 65. Kg3 Qe4 66. Kf2 Qd3 67. Ke1 Qc2 68. Kf1 Kf4 69. Ke1 Ke3
70. Kf1 Qf2# { White checkmated } 0-1